 Dungeon Crawl Stone Soup version 0.29-a0-322-g68df515428 (webtiles) character file.

Game seed: 5708236961079167708

1075 sanka the Chopper (level 8, -9/67 HPs)
             Began as a Gnoll Cinder Acolyte on Apr 8, 2022.
             Was a High Priest of Ignis.
             Mangled by an orc warrior
             ... wielding a +0 scimitar
              (14 damage)
             ... on level 6 of the Dungeon.
             The game lasted 00:07:34 (6084 turns).

sanka the Chopper (Gnoll Cinder Acolyte)            Turns: 6084, Time: 00:07:34

Health: -9/67      AC:  4    Str: 14    XL:     8   Next: 29%
Magic:  8/14       EV: 12    Int: 13    God:    Ignis [*****.]
Gold:   313        SH:  0    Dex: 10    Spells: 11/15 levels left

rFire   + . .      SeeInvis .   a - +0 war axe
rCold   . . .      Faith    .   (no shield)
rNeg    . . .      Spirit   .   m - +0 robe
rPois   .          Reflect  .   (no helmet)
rElec   .          Harm     .   q - +0 cloak
rCorr   .          Rampage  .   (no gloves)
Will    .....                   t - +0 pair of boots
Stlth   ++........              k - amulet of magic regeneration
HPRegen 0.21/turn               (no ring)
MPRegen 0.54/turn               (no ring)

@: no status effects
A: fangs 1, strong nose, distributed training
a: Renounce Religion, Fiery Armour, Foxfire Swarm, Rising Flame


You were on level 6 of the Dungeon.
You worshipped Ignis.
Ignis was extremely pleased with you.
You visited 1 branch of the dungeon, and saw 6 of its levels.

You collected 313 gold pieces.


Innate Abilities, Weirdness & Mutations

You have very sharp teeth.
Your uncanny sense of smell can sniff out nearby items.
Your experience applies equally to all skills.


   Skills:
 + Level 7.3 Fighting
 + Level 3.1 Short Blades
 + Level 3.1 Long Blades
 + Level 7.3 Axes
 + Level 3.1 Maces & Flails
 + Level 3.1 Polearms
 + Level 3.1 Staves
 + Level 3.1 Slings
 + Level 3.1 Bows
 + Level 3.1 Crossbows
 + Level 3.1 Throwing
 + Level 3.1 Armour
 + Level 3.1 Dodging
 + Level 3.1 Stealth
 + Level 3.1 Shields
 + Level 3.1 Unarmed Combat
 + Level 4.2 Spellcasting
 + Level 2.5 Conjurations
 + Level 2.5 Hexes
 + Level 2.5 Summonings
 + Level 2.5 Necromancy
 + Level 2.5 Translocations
 + Level 2.5 Transmutations
 + Level 6.1 Fire Magic
 + Level 2.5 Ice Magic
 + Level 2.5 Air Magic
 + Level 2.5 Earth Magic
 + Level 2.5 Poison Magic
 + Level 3.4 Invocations
 + Level 3.1 Evocations


You had 11 spell levels left.
You knew the following spells:

 Your Spells              Type           Power      Damage    Failure   Level
y - Scorch                Fire           36%        2d7       2%          2
N - Passwall              Tmut/Erth      7%         N/A       11%         2

Your spell library contained the following spells:

 Spells                   Type           Power      Damage    Failure   Level
 Sandblast                Erth           18%        2d7       7%          1
 Stone Arrow              Conj/Erth      18%        3d8       22%         3
 Summon Lightning Spire   Summ/Air       9%         N/A       56%         4
 Storm Form               Tmut/Air       4%         N/A       100%        7
 Maxwell's Capacitive Co  Air            4%         ∞         100%        8
 Chain Lightning          Conj/Air       4%         3d6       100%        9
 Fire Storm               Conj/Fire      7%         8d2       100%        9
 Shatter                  Erth           4%         3d8*      100%        9

Inventory:

Hand Weapons
 a - a +0 war axe (weapon)
 b - a +2 dagger of venom
 w - a -1 hand axe of flaming
Missiles
 p - 6 poisoned darts
Armour
 m - a +0 robe (worn)
 q - a +0 cloak (worn)
 t - a +0 pair of boots (worn)
Magical Staves
 y - a staff of cold
Jewellery
 k - an amulet of magic regeneration (around neck)
Scrolls
 d - 4 scrolls of identify {unknown}
 f - a scroll of fear {unknown}
 g - 3 scrolls of teleportation {unknown}
 i - 3 scrolls of vulnerability {unknown}
 n - 2 scrolls of fog {unknown}
 o - 3 scrolls of magic mapping {unknown}
 x - a scroll of enchant armour {unknown}
Potions
 c - 2 potions of attraction {unknown}
 e - a potion of mutation {unknown}
 h - a potion of flight {unknown}
 j - 2 potions of haste {unknown}
 l - a potion of resistance {unknown}
 r - 4 potions of curing {@q1}
 s - 2 potions of heal wounds {unknown}
 u - 2 potions of magic {unknown}
 v - a potion of lignification {unknown}
 z - a potion of cancellation {unknown}

Dungeon Overview and Level Annotations

Branches:
Dungeon (6/15)
 Temple: D:4-7

Altars:
Elyvilon
Gozag
Makhleb
Qazlal
Ru
Yredelemnul

Shops:
D:2

*
▒....)....'......▒
▒......▒▒▒▒......▒
▒......▒ ▒......▒
▒....£.▒▒ ▒......▒
▒.........+......▒
▒.....▒▒▒▒▒......▒
▒o....▒ ▒So...▒
▒g▒▒▒▒▒ ▒.▒ ▒.▒
▒.▒ ▒.▒ ▒.▒ ▒.▒
▒.▒


You could see an orc warrior, a water moccasin and an orc.


Message History

The orc's fire resistance burns away.
You hear an angry hiss.
The orc warrior completely misses you.
Flames lash the orc.
The orc is burned terribly!
You kill the orc!
The orc warrior is no longer more vulnerable to fire.
The orc warrior closely misses you.
Unknown command.
The orc attacks as you move away! The orc hits you with a +0 dagger.
* * * LOW HITPOINT WARNING * * *
The water moccasin attacks as you move away!
The water moccasin bites you.
* * * LOW HITPOINT WARNING * * *
The water moccasin bites you.
* * * LOW HITPOINT WARNING * * *
The orc attacks as you move away! The orc barely misses you.
The water moccasin closely misses you.
The orc warrior hits you but does no damage.
The orc warrior attacks as you move away!
The orc warrior hits you with a +0 scimitar!
* * * LOW HITPOINT WARNING * * *
The orc warrior attacks as you move away!
The orc warrior barely misses you.
The water moccasin completely misses you.
The orc warrior attacks as you move away!
The orc warrior hits you with a +0 scimitar!
You die...

Action                   |  1- 3 |  4- 6 |  7- 9 || total
-------------------------+-------+-------+-------++-------
Melee: Hand axe          |   111 |    39 |       ||   150
       Bite              |     4 |    15 |     4 ||    23
       Dagger            |       |   115 |       ||   115
       Punch             |       |     7 |       ||     7
       War axe           |       |    24 |    31 ||    55
 Cast: Scorch            |       |     9 |    37 ||    46
 Stab: Sleeping          |     2 |     2 |       ||     4
       Distracted        |       |     1 |       ||     1
Armor: Robe              |    33 |    38 |    12 ||    83
Dodge: Dodged            |    79 |   103 |    32 ||   214

Levels and vault maps discovered:
D:1:      dpeg_arrival_snail, layout_loops_ring,
          shapermc_ecumenical_altar_hornbeckon, minmay_stone_trees_small
D:2:      minmay_door_path, layout_loops_corners, serial_shops, shop
D:3:      layout_loops_cross, yredelemnul_altar_generic, bloody_makhleb,
          mainiacjoe_overflow_alcove_4, hangedman_decor_growths, minmay_ruptured
D:4:      layout_loops_ring, elyvilon_altar_5,
          mainiacjoe_overflow_concentric_impassable
D:5:      layout_rooms, hangedman_ru_absence, uniq_grinder
D:6:      layout_basic, kennysheep_orc_sif_temple, minmay_pentangle

Notes
Turn   | Place    | Note
-------+----------+-------------------------------------------
     0 | D:1      | sanka the Gnoll Cinder Acolyte began the quest for the Orb.
     0 | D:1      | Reached XP level 1. HP: 23/23 MP: 4/4
    97 | D:1      | Reached XP level 2. HP: 29/29 MP: 5/5
   593 | D:1      | Reached XP level 3. HP: 35/35 MP: 7/7
   597 | D:1      | Learned a level 2 spell: Scorch
   830 | D:1      | Found a faded altar of an unknown god.
  1283 | D:2      | Reached skill level 1 in Invocations
  1431 | D:2      | Reached skill level 1 in Short Blades
  1431 | D:2      | Reached skill level 1 in Long Blades
  1431 | D:2      | Reached skill level 1 in Maces & Flails
  1431 | D:2      | Reached skill level 1 in Polearms
  1431 | D:2      | Reached skill level 1 in Staves
  1431 | D:2      | Reached skill level 1 in Slings
  1431 | D:2      | Reached skill level 1 in Bows
  1431 | D:2      | Reached skill level 1 in Crossbows
  1431 | D:2      | Reached skill level 1 in Throwing
  1431 | D:2      | Reached skill level 1 in Armour
  1431 | D:2      | Reached skill level 1 in Dodging
  1431 | D:2      | Reached skill level 1 in Stealth
  1431 | D:2      | Reached skill level 1 in Shields
  1431 | D:2      | Reached skill level 1 in Unarmed Combat
  1431 | D:2      | Reached skill level 1 in Evocations
  1431 | D:2      | Reached XP level 4. HP: 34/41 MP: 8/8
  1746 | D:4      | Found a stormy altar of Qazlal.
  1836 | D:3      | Reached skill level 3 in Spellcasting
  1837 | D:3      | Reached skill level 1 in Conjurations
  1837 | D:3      | Reached skill level 1 in Hexes
  1837 | D:3      | Reached skill level 1 in Summonings
  1837 | D:3      | Reached skill level 1 in Necromancy
  1837 | D:3      | Reached skill level 1 in Translocations
  1837 | D:3      | Reached skill level 1 in Transmutations
  1837 | D:3      | Reached skill level 1 in Ice Magic
  1837 | D:3      | Reached skill level 1 in Air Magic
  1837 | D:3      | Reached skill level 1 in Earth Magic
  1837 | D:3      | Reached skill level 1 in Poison Magic
  2162 | D:3      | Found a burning altar of Makhleb.
  2372 | D:2      | Reached XP level 5. HP: 46/47 MP: 9/9
  2894 | D:2      | Found Iloakh's Assorted Antiques.
  2992 | D:3      | Found a basalt altar of Yredelemnul.
  3056 | D:3      | Learned a level 2 spell: Passwall
  3686 | D:3      | Found an opulent altar of Gozag.
  4276 | D:4      | Reached skill level 2 in Invocations
  4276 | D:4      | Reached XP level 6. HP: 50/53 MP: 9/11
  4591 | D:4      | Found a white marble altar of Elyvilon.
  4623 | D:4      | Reached skill level 2 in Short Blades
  4623 | D:4      | Reached skill level 2 in Long Blades
  4623 | D:4      | Reached skill level 2 in Maces & Flails
  4623 | D:4      | Reached skill level 2 in Polearms
  4623 | D:4      | Reached skill level 2 in Staves
  4623 | D:4      | Reached skill level 2 in Slings
  4623 | D:4      | Reached skill level 2 in Bows
  4623 | D:4      | Reached skill level 2 in Crossbows
  4623 | D:4      | Reached skill level 2 in Throwing
  4623 | D:4      | Reached skill level 2 in Armour
  4623 | D:4      | Reached skill level 2 in Dodging
  4623 | D:4      | Reached skill level 2 in Stealth
  4623 | D:4      | Reached skill level 2 in Shields
  4623 | D:4      | Reached skill level 2 in Unarmed Combat
  4623 | D:4      | Reached skill level 2 in Evocations
  4942 | D:5      | Entered Level 5 of the Dungeon
  4942 | D:5      | Noticed an ice beast
  4958 | D:5      | Killed an ice beast
  4959 | D:5      | Reached skill level 7 in Fighting
  4959 | D:5      | Reached skill level 7 in Axes
  4959 | D:5      | Reached XP level 7. HP: 44/60 MP: 0/12
  5053 | D:5      | Found a sacrificial altar of Ru.
  5068 | D:5      | Reached skill level 2 in Conjurations
  5068 | D:5      | Reached skill level 2 in Hexes
  5068 | D:5      | Reached skill level 2 in Summonings
  5068 | D:5      | Reached skill level 2 in Necromancy
  5068 | D:5      | Reached skill level 2 in Translocations
  5068 | D:5      | Reached skill level 2 in Transmutations
  5068 | D:5      | Reached skill level 2 in Ice Magic
  5068 | D:5      | Reached skill level 2 in Air Magic
  5068 | D:5      | Reached skill level 2 in Earth Magic
  5068 | D:5      | Reached skill level 2 in Poison Magic
  5637 | D:5      | Reached skill level 3 in Invocations
  5732 | D:5      | Noticed Grinder
  5732 | D:5      | Paralysed by Grinder for 5 turns
  5742 | D:5      | Killed Grinder
  5743 | D:5      | Reached skill level 3 in Short Blades
  5743 | D:5      | Reached skill level 3 in Long Blades
  5743 | D:5      | Reached skill level 3 in Maces & Flails
  5743 | D:5      | Reached skill level 3 in Polearms
  5743 | D:5      | Reached skill level 3 in Staves
  5743 | D:5      | Reached skill level 3 in Slings
  5743 | D:5      | Reached skill level 3 in Bows
  5743 | D:5      | Reached skill level 3 in Crossbows
  5743 | D:5      | Reached skill level 3 in Throwing
  5743 | D:5      | Reached skill level 3 in Armour
  5743 | D:5      | Reached skill level 3 in Dodging
  5743 | D:5      | Reached skill level 3 in Stealth
  5743 | D:5      | Reached skill level 3 in Shields
  5743 | D:5      | Reached skill level 3 in Unarmed Combat
  5743 | D:5      | Reached skill level 4 in Spellcasting
  5743 | D:5      | Reached skill level 6 in Fire Magic
  5743 | D:5      | Reached skill level 3 in Evocations
  5743 | D:5      | Reached XP level 8. HP: 52/67 MP: 3/14
  6082 | D:6      | HP: 4/67 [orc warrior/+0 scimitar (12)]
  6084 | D:6      | Mangled by an orc warrior

Vanquished Creatures
  Grinder (D:5)
  A water moccasin (D:5)
  An ice beast (D:5)
  An ogre (D:6)
  A scorpion (D:4)
  4 hounds
  A jelly (D:4)
  2 iguanas (D:5)
  6 orc wizards
  7 adders
  An ufetubus (D:5)
  3 worms (D:3)
  2 dart slugs
  22 orcs
  13 ball pythons
  7 bats
  3 endoplasms
  5 giant cockroaches
  6 goblins
  2 hobgoblins
  A jackal (D:2)
  5 quokkas
  6 frilled lizards
  6 kobolds
  6 rats
113 creatures vanquished.

Vanquished Creatures (others)
  A withered plant (D:3)
1 creature vanquished.

Grand Total: 114 creatures vanquished
